 Dungeon Crawl Stone Soup version 0.28-a0-1142-gc8569940dd (webtiles) character file.

Game seed: 12393796873074956558

30 Essalna the Firebug (level 3, 23/24 HPs)
             Began as a Demonspawn Fire Elementalist on Dec 13, 2021.
             Got out of the dungeon alive.
             The game lasted 00:02:25 (1013 turns).

Essalna the Firebug (Demonspawn Fire Elementalist)  Turns: 1013, Time: 00:02:26

Health: 23/24      AC:  4    Str:  8    XL:     3   Next: 5%
Magic:  6/6        EV: 12    Int: 18    God:
Gold:   70         SH:  0    Dex: 13    Spells: 5/6 levels left

rFire   . . .      SeeInvis .   g - +0 short sword (venom)
rCold   . . .      Faith    .   (no shield)
rNeg    . . .      Spirit   .   a - +0 robe
rPois   .          Reflect  .   d - +2 hat
rElec   .          Harm     .   (no cloak)
rCorr   .          Rampage  .   (no gloves)
Will    .....                   (no boots)
Stlth   ++........              (no amulet)
HPRegen 0.08/turn               (no ring)
MPRegen 0.10/turn               (no ring)

@: no status effects
A: horns 1, foul stench 1
a: no special abilities


You escaped.
You visited 1 branch of the dungeon, and saw 1 of its levels.

You collected 70 gold pieces.

Inventory:

Hand Weapons
 f - a +0 dagger
 g - a +0 short sword of venom (weapon)
Armour
 a - a +0 robe (worn)
 d - a +2 hat (worn)
Scrolls
 c - 3 scrolls of holy word {unknown}
 e - a scroll of enchant weapon {unknown}
Potions
 b - a potion of curing {unknown}


   Skills:
 - Level 1.7 Dodging
 - Level 1.7 Stealth
 + Level 2.4 Spellcasting
 + Level 1.9 Conjurations
 + Level 3.1 Fire Magic


You had 5 spell levels left.
You knew the following spells:

 Your Spells              Type           Power      Damage    Failure   Level
a - Foxfire               Conj/Fire      44%        2x1d6     6%          1

Your spell library contained the following spells:

 Spells                   Type           Power      Damage    Failure   Level
 Scorch                   Fire           26%        2d6       7%          2
 Conjure Flame            Conj/Fire      11%        6-21      19%         3
 Sublimation of Blood     Necr           2%         N/A       26%         2
 Wereblood                Tmut           2%         N/A       26%         2
 Inner Flame              Hex/Fire       7%         N/A       26%         3
 Flame Wave               Conj/Fire      11%        2d5       52%         4
 Summon Hydra             Summ           1%         N/A       100%        7


Dungeon Overview and Level Annotations

Branches:
Dungeon (1/15)

Altars:

Shops:
D:1 (


Innate Abilities, Weirdness & Mutations

You have a pair of small horns on your head.
You may rarely emit foul miasma when damaged in melee.


Message History

The bat hits you.
Found a stone staircase leading down.
The bat hits you but does no damage. The bat completely misses you.
You hit the bat.
You kill the bat!
No target in view!
No target in view!
No target in view!
No target in view!
No target in view!
No target in view!
No target in view!
No target in view!
No target in view!
No target in view!
No target in view!
No target in view!
No target in view!
No target in view!
No target in view!
Found a robe.
You see here a bat corpse.
You see here a jackal corpse.
You see here a jackal corpse.
There is an open door here.
A jackal comes into view.
The jackal barks!
The jackal closely misses you.
You hit the jackal.
The jackal is poisoned.
The jackal is lightly wounded.
The jackal barely misses you. The jackal bites you.
You emit a cloud of foul miasma!
You closely miss the jackal. Your headbutt misses the jackal.
The jackal is lightly wounded.
The jackal is engulfed in dark miasma.
The jackal looks even sicker.
You kill the jackal!
There is a staircase leading out of the dungeon here.
You can't go down here!
Are you sure you want to leave the Dungeon?
This will make you lose the game!
You have escaped!

.# ###.### ##.....##
#+.......+# ###
##.........## #..
##...........## #.#
#.............# ## #.#
#.............# .# #.#
#......@......# .#####.#
#.............#
....##.###.............#
.........##...........##
###.##.#..##.........+#
.......#...##.......##
......##....##.....##
###.#.###...(##...##
###.#.# ##....'#.##


There were no monsters in sight!

Vanquished Creatures
  5 endoplasms (D:1)
  A giant cockroach (D:1)
  3 goblins (D:1)
  3 hobgoblins (D:1)
  5 jackals (D:1)
  3 kobolds (D:1)
  A quokka (D:1)
  A bat (D:1)
  A rat (D:1)
23 creatures vanquished.

Vanquished Creatures (others)
  64 foxfires (D:1)
64 creatures vanquished.

Grand Total: 87 creatures vanquished

Notes
Turn   | Place    | Note
-------+----------+-------------------------------------------
     0 | D:1      | Essalna the Demonspawn Fire Elementalist began the quest
                  | for the Orb.
     0 | D:1      | Reached XP level 1. HP: 13/13 MP: 3/3
   353 | D:1      | Gained mutation: You may rarely emit foul miasma when
                  | damaged in melee. [demonic ancestry]
   353 | D:1      | Reached XP level 2. HP: 19/19 MP: 0/5
   425 | D:1      | Found Kadoibie's Antique Weapon Emporium.
   608 | D:1      | Reached skill level 3 in Fire Magic
   880 | D:1      | Gained mutation: You have a pair of small horns on your
                  | head. [demonic ancestry]
   880 | D:1      | Reached XP level 3. HP: 24/24 MP: 2/6
  1013 | D:$      | Got out of the dungeon alive.

Illustrated notes

Levels and vault maps discovered:
D:1:      lemuel_arrival_rhombus, layout_loops_ring, serial_glass,
          glass_columns_c, glass_columns_b, serial_shops,
          nicolae_shop_statue_plus, nicolae_concentric_dashed_squares_wild,
          minmay_indecisive_spiral

Skill      XL: |  1  2 |
---------------+-------+-----
Fire Magic     | 3 |  3.1
Dodging        | |  1.7
Stealth        | |  1.7
Spellcasting   | |  2.4
Conjurations   | |  1.9

Action                   || total
-------------------------++-------
Melee: Unarmed           ||    19
       Dagger            ||     6
       Short sword       ||     3
 Cast: Foxfire           ||    42
Armor: Robe              ||     5
Dodge: Dodged            ||    16

Table legend: (Time is in decaauts)
 A = Elapsed time spent in this place.
 B = Non-inter-level travel time spent in this place.
 C = Inter-level travel time spent in this place.
 D = Time resting spent in this place.
 E = Time spent auto-exploring this place.
 F = Levels seen in this place.
 G = Mean time per level.
                   A        B        C        D        E       F      G
               +--------+--------+--------+--------+--------+-----+--------+
         Total |   1012 |    927 |     85 |      0 |    734 |   1 | 1012.0 |
       Dungeon |   1012 |    927 |     85 |      0 |    734 |   1 | 1012.0 |
               +--------+--------+--------+--------+--------+-----+--------+

Top non-repeatable levels by time:
     D:1: 1012 daAuts
